 Dungeon Crawl Stone Soup version 0.28.0 (webtiles) character file.

Game seed: 17696962269756316588

46 HallandMoats the Skirmisher (level 3, -5/33 HPs)
             Began as a Ghoul Monk on Feb 8, 2022.
             Slain by an ogre (21 damage)
             ... on level 2 of the Dungeon.
             The game lasted 00:01:15 (1357 turns).

HallandMoats the Skirmisher (Ghoul Monk)            Turns: 1357, Time: 00:01:15

Health: -5/33      AC:  5    Str: 16    XL:     3   Next: 66%
Magic:  2/2        EV: 11    Int:  5    God:
Gold:   45         SH:  0    Dex: 11    Spells: 2/2 levels left

rFire   . . .      SeeInvis .     - Unarmed
rCold   + . .      Faith    .   (no shield)
rNeg    + + +      Spirit   .   c - +0 ring mail
rPois   ∞          Reflect  .   (no helmet)
rElec   .          Harm     .   (no cloak)
rCorr   .          Rampage  .   (no gloves)
Will    .....                   (no boots)
Stlth   +.........              (no amulet)
HPRegen 0.00/turn               (no ring)
MPRegen 0.08/turn               (no ring)

@: inhibited regen
A: claws 1, cold resistance 1, negative energy resistance 3, inhibited
regeneration, torment resistance 2
a: no special abilities


You were on level 2 of the Dungeon.
You visited 1 branch of the dungeon, and saw 2 of its levels.

You collected 45 gold pieces.

Inventory:

Armour
 c - a +0 ring mail (worn)
Scrolls
 a - a scroll of enchant weapon {unknown}
 d - 2 scrolls of fog {unknown}
 e - a scroll of fear {unknown}
Potions
 b - 2 potions of degeneration {unknown}
 f - 2 potions of cancellation {unknown}
 g - a potion of heal wounds {unknown}


   Skills:
 * Level 3.7 Fighting
 * Level 1.1 Armour
 * Level 3.1 Dodging
 - Level 2.1 Stealth
 * Level 3.6 Unarmed Combat
 + Level 0.8 Invocations


You had 2 spell levels left.
You didn't know any spells.
Your spell library was empty.

Dungeon Overview and Level Annotations

Branches:
Dungeon (2/15)

Altars:


Innate Abilities, Weirdness & Mutations

You thrive by killing the living.
You are immune to poison.
You have sharp fingernails.
Your flesh is cold resistant. (rC+)
You are immune to negative energy. (rN+++)
You do not regenerate when monsters are visible.
You are immune to unholy pain and torment.


Message History

The adder is almost dead.
The adder bites you but does no damage.
You scratch the adder.
You kill the adder!
You scratch the rat.
You kill the rat!
No target in view!
No target in view!
No target in view!
No target in view!
No target in view!
No target in view!
No target in view!
No target in view!
No target in view!
No target in view!
No target in view!
No target in view!
No target in view!
No target in view!
No target in view!
No target in view!
No target in view!
Found a mace.
Found an escape hatch in the floor.
Found a stone staircase leading up.
A quokka and an ogre come into view.
Found a dazzling leather armour.
The ogre shouts!
An endoplasm comes into view.
There are monsters nearby!
You claw the ogre!
The ogre is moderately wounded.
The ogre hits you with a +0 giant club!
You claw the ogre!
The ogre is severely wounded.
The quokka bites you.
The ogre hits you with a +0 giant club!!
Ouch! That really hurt!
You die...

# ##.# .... #..#
######
##########rJ.# .
.....#
#........@O.[# ....
.....#
#.#####.###.##. ....
###..#
#.#####.###.... ....
#
#..###.##........###
...
###.........##.###.#
. .....###.#####.#
.... ..)..# #<.. ..#
#... #.#.## #####
### #... #.#.# #...


You could see an ogre, an endoplasm and a quokka.

Vanquished Creatures
  An adder (D:2)
  A dart slug (D:1)
  3 endoplasms
  A giant cockroach (D:2)
  4 goblins
  A hobgoblin (D:1)
  8 jackals
  2 quokkas (D:1)
  2 ball pythons
  A bat (D:1)
  2 frilled lizards
  3 kobolds
  A rat (D:2)
30 creatures vanquished.

Notes
Turn   | Place    | Note
-------+----------+-------------------------------------------
     0 | D:1      | HallandMoats the Ghoul Monk began the quest for the Orb.
     0 | D:1      | Reached XP level 1. HP: 19/19 MP: 0/0
   186 | D:1      | You fall into a shaft and drop 1 floor!
   419 | D:1      | Reached XP level 2. HP: 26/26 MP: 1/1
   936 | D:1      | Reached XP level 3. HP: 24/31 MP: 2/2
  1167 | D:2      | Reached skill level 1 in Armour
  1353 | D:2      | Noticed an ogre
  1357 | D:2      | Slain by an ogre

Illustrated notes

Levels and vault maps discovered:
D:1:      dpeg_arrival_castle, layout_basic, minmay_stone_trees_small
D:2:      layout_loops_cross, minmay_pentomino_q4

Skill      XL: |  1  2  3 |
---------------+----------+-----
Dodging        | 3 |  3.1
Armour         | 1 |  1.1
Fighting       | |  3.7
Stealth        | |  2.1
Unarmed Combat | |  3.6
Invocations    | |  0.8

Action                   || total
-------------------------++-------
Melee: Unarmed           ||    99
Armor: Robe              ||     3
       Ring mail         ||    26
Dodge: Dodged            ||    60
